 Dungeon Crawl Stone Soup version 0.24-a0-69-g55f8356 (webtiles) character file.

Game seed: 506553584911342664

181 Blackhawk the Poker (level 5, -2/42 HPs)
             Began as a Merfolk Gladiator on Feb 6, 2019.
             Was an Initiate of Okawaru.
             Slain by an iguana (6 damage)
             ... on level 4 of the Dungeon.
             The game lasted 00:06:49 (2840 turns).

Blackhawk the Poker (Merfolk Gladiator)             Turns: 2840, Time: 00:06:49

Health: -2/42      AC:  4    Str: 19    XL:     5   Next: 61%
Magic:  5/5        EV: 13    Int:  7    God:    Okawaru [......]
Gold:   125        SH:  8    Dex: 16    Spells: 4/4 levels left

rFire    + . .     SeeInvis .   p - +2 trident (vamp)
rCold    + . .     Gourm    .   r - +0 shield
rNeg     . . .     Faith    .   u - +1 robe {rC+ rF+}
rPois    .         Spirit   .   c - +0 helmet
rElec    .         Reflect  .   (no cloak)
rCorr    .         Harm     .   (no gloves)
MR       .....                  (no boots)
Stlth    +.........             (no amulet)
HPRegen  0.14/turn              l - +4 ring of strength
MPRegen  0.09/turn              (no ring)

@: no status effects
A: change form in water, swift swim, stealthy swim
a: Renounce Religion


You were on level 4 of the Dungeon.
You worshipped Okawaru.
Okawaru was noncommittal.
You were not hungry.

You visited 2 branches of the dungeon, and saw 5 of its levels.

You collected 125 gold pieces.

Inventory:

Hand Weapons
 a - a +0 trident
 e - a +0 dagger
 p - a +2 vampiric trident (weapon)
Missiles
 d - 3 throwing nets (quivered)
Armour
 b - a +0 leather armour
 c - a +0 helmet (worn)
 r - a +0 shield (worn)
 u - a +1 robe of resistance (worn)
Jewellery
 l - a +4 ring of strength (left hand)
Wands
 m - a wand of polymorph (6)
Scrolls
 i - a scroll of enchant armour {unknown}
 j - a scroll of fog {unknown}
 n - 3 scrolls of teleportation {unknown}
 q - 2 scrolls of remove curse {unknown}
 v - a scroll of identify
Potions
 g - a potion of mutation {unknown}
 h - a potion of brilliance {unknown}
 k - 2 potions of curing {unknown}
 o - 3 potions of lignification {unknown}
 s - a potion of invisibility {unknown}
 t - a potion of degeneration {unknown}
Comestibles
 f - 9 rations


   Skills:
 + Level 3.6 Fighting
 + Level 6.0 Polearms
 - Level 2.3 Throwing
 + Level 5.3 Dodging
 + Level 1.5 Shields


You had 4 spell levels left.
You didn't know any spells.
Your spell library was empty.

Dungeon Overview and Level Annotations

Branches:
Dungeon (4/15)             Temple (1/1) D:4

Altars:
Cheibriados
Elyvilon
Fedhas
Gozag
Hepliaklqana
Kikubaaqudgha
Makhleb
Nemelex Xobeh
Okawaru
Qazlal
Ru
Sif Muna
Uskayaw
Vehumet
Wu Jian
Xom
Zin
The Shining One


Message History

The iguana bites you!
You are too injured to fight recklessly!
You are too injured to fight recklessly!
Your shield prevents you from hitting the iguana.
The iguana is moderately wounded.
The iguana closely misses you.
You hit the iguana but do no damage.
The iguana is moderately wounded.
The iguana bites you.
You closely miss the iguana.
The iguana is moderately wounded.
The iguana bites you!
* * * LOW HITPOINT WARNING * * *
Your shield prevents you from hitting the iguana.
The iguana is moderately wounded.
The iguana bites you!
* * * LOW HITPOINT WARNING * * *
There is an open door here.
The iguana bites you.
You die...

##. ##.##
#.###.#
#.....#
#####'##
##...##
##...[.##
##.......##
#.........#
+....@....+
#....l....#
##.......##
##.....##
##...##
##'## #.#
#.# #.#


You could see an iguana.

Vanquished Creatures
  A hound (D:4)
  3 adders
  An adder skeleton (D:4)
  2 worms
  A dart slug (D:2)
  8 leopard geckos
  11 orcs
  A giant cockroach (D:3)
  7 hobgoblins
  17 jackals
  7 kobolds
  2 quokkas (D:3)
  A ball python (D:2)
  12 bats
  4 frilled lizards
  2 goblins
  10 rats
90 creatures vanquished.

Notes
Turn   | Place    | Note
-------+----------+-------------------------------------------
     0 | D:1      | Blackhawk the Merfolk Gladiator began the quest for the
                  | Orb.
     0 | D:1      | Reached XP level 1. HP: 16/16 MP: 1/1
    29 | D:1      | Reached XP level 2. HP: 23/23 MP: 2/2
   286 | D:1      | Reached XP level 3. HP: 25/28 MP: 3/3
   427 | D:1      | Reached skill level 5 in Polearms
   908 | D:2      | Found a snail-covered altar of Cheibriados.
  1228 | D:2      | Reached XP level 4. HP: 35/35 MP: 4/4
  1785 | D:3      | Reached skill level 5 in Dodging
  2080 | D:3      | Reached skill level 1 in Shields
  2090 | D:3      | Reached XP level 5. HP: 39/41 MP: 5/5
  2461 | D:4      | Reached skill level 6 in Polearms
  2496 | D:4      | Found a staircase to the Ecumenical Temple.
  2505 | Temple   | Entered the Ecumenical Temple
  2747 | Temple   | Became a worshipper of Warmaster Okawaru
  2840 | D:4      | Slain by an iguana

Vault maps used:
D:1:      wander_arrival_lonely_grave, layout_rooms
D:2:      layout_basic, first_ration, kennysheep_slug_shrine
D:3:      layout_rooms
D:4:      layout_loops_corners, nicolae_overflow_hidden_temple,
          minmay_temple_entry_drinking_statues, gup_sewer_entry_spiral,
          kennysheep_dice, uniq_eustachio
Temple:   dpeg_five_rooms_temple

Skill      XL: |  1  2  3  4  5 |
---------------+----------------+-----
Polearms       | 5 6 |  6.0
Fighting       | 3 |  3.6
Dodging        | 5 |  5.3
Shields        | 1 |  1.5
Throwing       | |  2.3

Action                   |  1- 3 |  4- 6 || total
-------------------------+-------+-------++-------
Melee: Trident           |   139 |   180 ||   319
  Use: Scroll            |       |     4 ||     4
 Stab: Distracted        |     1 |       ||     1
       Sleeping          |       |     2 ||     2
  Eat: Chunk             |     1 |     3 ||     4
       Ration            |       |     2 ||     2
Armor: Leather armour    |    31 |    25 ||    56
       Robe              |       |     9 ||     9
Dodge: Dodged            |   108 |    58 ||   166
Block: Shield            |       |    55 ||    55

Table legend:
 A = Non-vault XP
 B = Vault XP
 C = Vault XP percentage of total XP
 D = Non-vault monster count
 E = Vault monster count
 F = Vault count percentage of total count
                 A         B        C        D         E       F
            +---------+---------+-------+---------+---------+-------
      Total |     255 |       4 |   1.5 |      89 |       1 |   1.1
            +---------+---------+-------+---------+---------+-------
        D:1 |      54 |       0 |   0.0 |      27 |       0 |   0.0
        D:2 |      54 |       4 |   6.9 |      20 |       1 |   4.8
        D:3 |      90 |       0 |   0.0 |      36 |       0 |   0.0
        D:4 |      57 |       0 |   0.0 |       6 |       0 |   0.0
            +---------+---------+-------+---------+---------+-------
